 Dungeon Sprint DCSS version 0.14-a0-770-g009d3a2 (webtiles) character file.

329 JacquesDerrida the Frost Mage (level 6, -7/36 HPs)
             Began as a High Elf Ice Elementalist on Nov 9, 2013.
             Was an Elder of Sif Muna.
             Mangled by an orc
             ... wielding a +1,+0 halberd of dragon slaying
              (13 damage)
             ... in the Dungeon (Sprint V: "Ziggurat Sprint").
             The game lasted 00:05:02 (351 turns).

JacquesDerrida the Frost Mage (HEIE)                 Turns: 351, Time: 00:05:03

HP  -7/36        AC  2     Str  9      XL: 6   Next: 25%
MP  16/18        EV 13     Int 31      God: Sif Muna [****..]
Gold 0           SH 15     Dex 16      Spells:  5 memorised,  0 levels left

Res.Fire  : . . .   See Invis. : .   k - staff of energy
Res.Cold  : . . .   Warding    : .   a - +0 elf robe
Life Prot.: . . .   Conserve   : .   h - +3 buckler
Res.Poison: .       Res.Corr.  : .   (no helmet)
Res.Elec. : .       Clarity    : .   (no cloak)
Sust.Abil.: . .     Spirit.Shd : .   (no gloves)
Res.Mut.  : .       Prev.Telep.: +   (no boots)
Res.Rott. : .       Flight     : .   (no amulet)
Saprovore : . . .                    z - +6 ring of intelligence
                                     y - +6 ring of intelligence

@: slightly resistant to hostile enchantments, fairly stealthy
A: no striking features
a: Channel Energy, Forget Spell, Renounce Religion


You were in the Dungeon.
You worshipped Sif Muna.
Sif Muna was greatly pleased with you.
You were completely stuffed.

You visited 1 branch

Inventory:

Armour
 a - a +0 elven robe (worn)
 h - a +3 buckler (worn)
 x - a +0 steam dragon hide
Magical devices
 A - a wand of disintegration (7)
Comestibles
 c - 5 bread rations
 n - 3 meat rations
Scrolls
 i - 4 scrolls of blinking
 q - 2 scrolls of amnesia
 r - 3 scrolls of recharging
 s - 3 scrolls of fog
 t - a scroll of holy word
 u - 5 scrolls of identify
 v - 3 scrolls of remove curse
 w - 2 scrolls of fear
Jewellery
 y - a +6 ring of intelligence (left hand)
 z - a +6 ring of intelligence (right hand)
Potions
 d - 5 potions of curing
 e - 3 potions of heal wounds
 f - 6 potions of speed
 g - 7 potions of magic
 j - 2 potions of brilliance
 l - 2 potions of restore abilities
 m - 2 potions of resistance
 o - 5 potions of agility
Books
 b - a book of Frost

   Spells                             Type                      Level
   *Freeze                            Ice                          1
   *Throw Frost                       Conjuration/Ice              2
   *Ozocubu's Armour                  Charms/Ice                   3
   *Throw Icicle                      Conjuration/Ice              4
   *Summon Ice Beast                  Ice/Summoning                4
   Condensation Shield                Ice                          4
Magical staves
 k - an uncursed staff of energy (weapon)
Miscellaneous
 p - a crystal ball of energy


   Skills:
 - Level 2.1 Dodging
 - Level 2.1 Stealth
 - Level 6.3 Shields
 - Level 4.6 Spellcasting
 + Level 4.8 Conjurations
 + Level 10.7 Ice Magic


You couldn't memorise any spells.
You knew the following spells:

 Your Spells              Type           Power        Failure   Level  Hunger
a - Freeze                Ice            ####         1%          1    None
b - Throw Frost           Conj/Ice       ######       1%          2    None
c - Ozocubu's Armour      Chrm/Ice       #####.....   1%          3    None
d - Throw Icicle          Conj/Ice       ######..     2%          4    None
e - Summon Ice Beast      Ice/Summ       #####.....   8%          4    None


Dungeon Overview and Level Annotations

Branches:
Dungeon (1/1)

Altars:
Ashenzari
Cheibriados
Elyvilon
Fedhas
Kikubaaqudgha
Makhleb
Nemelex Xobeh
Okawaru
Sif Muna
Trog
Vehumet
Xom
Yredelemnul
Zin
the Shining One
Beogh
Jiyva
Lugonu


Message History

Casting: Freeze
Confirm with . or Enter, or press ? or * to list all spells.
Aiming: Freeze
Press: ? - help, Shift-Dir - straight line, f - orc
Aim: an orc, wielding an orcish hand axe You freeze the orc.
You kill the orc!
The orc closely misses you.
The orc priest hits you with an orcish morningstar!
* * * LOW HITPOINT WARNING * * *
The orc barely misses you.
Casting: Freeze
Confirm with . or Enter, or press ? or * to list all spells.
Aiming: Freeze
Press: ? - help, Shift-Dir - straight line, f - orc priest
Aim: an orc priest, wielding an orcish morningstar You freeze the orc priest.
The orc priest is lightly wounded.
The orc hits you from afar with a +1,+0 halberd of dragon slaying!
You die...

###################
#.8©8.#%8©8.#.8©8.#
#.))=.#.):|.#.....#
#o.|..#.....#.).".#
#.)oo.#..%..#.))..#
#..@..#....%#.....#
#.....#.....#.....#
#.....#.....#######
#############


You could see an orc priest and 2 orcs.

Vanquished Creatures
  2 steam dragons (D)
  A swamp drake (D)
  An orc priest (D)
  2 orcs (D)
6 creatures vanquished.

Vanquished Creatures (others)
  Maurice (D)
  Sonja (D)
  Jessica (D)
3 creatures vanquished.

Grand Total: 9 creatures vanquished

Notes
Turn   | Place    | Note
--------------------------------------------------------------
     0 | D        | JacquesDerrida, the High Elf Ice Elementalist, began the quest for the Orb.
     0 | D        | Reached XP level 1. HP: 11/11 MP: 4/4
     0 | D        | Found an ancient bone altar of Kikubaaqudgha.
     1 | D        | Found a white marble altar of Elyvilon.
     1 | D        | Killed Jessica
     2 | D        | Found an iron altar of Okawaru.
     2 | D        | Found a burning altar of Makhleb.
     4 | D        | Found a radiant altar of Vehumet.
     4 | D        | Found a deep blue altar of Sif Muna.
     4 | D        | Found a basalt altar of Yredelemnul.
     4 | D        | Found a sparkling altar of Nemelex Xobeh.
     4 | D        | Killed Sonja
     8 | D        | Found a bloodstained altar of Trog.
    25 | D        | Found a shimmering altar of Xom.
    62 | D        | Became a worshipper of Sif Muna the Loreminder
    65 | D        | Acquired Sif Muna's first power
    65 | D        | Acquired Sif Muna's second power
    65 | D        | Reached skill level 4 in Spellcasting
    65 | D        | Reached skill level 6 in Ice Magic
    65 | D        | Reached XP level 2. HP: 17/17 MP: 5/7
    92 | D        | Killed Maurice
   141 | D        | Learned a level 2 spell: Throw Frost
   149 | D        | Entered arena 1.
   149 | D        | Noticed an orc priest
   155 | D        | Killed an orc priest
   155 | D        | Reached skill level 7 in Ice Magic
   155 | D        | Reached XP level 3. HP: 17/21 MP: 2/10
   214 | D        | Learned a level 3 spell: Ozocubu's Armour
   215 | D        | Entered arena 2.
   215 | D        | Noticed a swamp drake
   215 | D        | Noticed a steam dragon
   215 | D        | Noticed a steam dragon
   222 | D        | Killed a swamp drake
   222 | D        | Reached skill level 5 in Shields
   222 | D        | Reached skill level 9 in Ice Magic
   222 | D        | Reached XP level 4. HP: 7/27 MP: 7/13
   222 | D        | Reached XP level 5. HP: 8/31 MP: 8/15
   234 | D        | Killed a steam dragon
   240 | D        | Killed a steam dragon
   240 | D        | Acquired Sif Muna's third power
   240 | D        | Reached skill level 10 in Ice Magic
   240 | D        | Reached XP level 6. HP: 29/36 MP: 2/18
   340 | D        | Learned a level 4 spell: Throw Icicle
   345 | D        | Learned a level 4 spell: Summon Ice Beast
   347 | D        | Entered arena 3.
   347 | D        | Noticed an orc priest
   351 | D        | Mangled by an orc

Action                   |  1- 3 |  4- 6 || total
-------------------------+-------+-------++-------
 Cast: Freeze            |     8 |    11 ||    19
  Use: Potion            |     2 |     1 ||     3
